 Dungeon Crawl Stone Soup version 0.21.1-1-g345015fe64 (webtiles) character file.

420 Gargoyl the Skirmisher (level 6, -3/78 HPs)
             Began as a Centaur Abyssal Knight on June 19, 2018.
             Was a Believer of Lugonu.
             Killed by divine providence
             ... invoked by an orc priest
              (11 damage)
             ... on level 5 of the Dungeon.
             The game lasted 00:07:14 (3417 turns).

Gargoyl the Skirmisher (Centaur Abyssal Knight)     Turns: 3417, Time: 00:07:15

Health: -3/78      AC: 23    Str: 14 (15) XL:     6   Next: 62%
Magic:  8/8        EV:  1    Int: 11      God:    Lugonu [**....]
Gold:   85         SH:  0    Dex:  9 (10) Spells: 5/5 levels left

rFire    . . .     SeeInvis +   o - +1 whip (elec)
rCold    . . .     Gourm    .   (no shield)
rNeg     + + +     Faith    .   (armour currently unavailable)
rPois    +         Spirit   .   (helmet currently unavailable)
rElec    .         Reflect  .   (cloak currently unavailable)
rCorr    .         Harm     .   (gloves currently unavailable)
MR       .....     NoTele   +   (no barding)
Stlth    +.........             (no amulet)
HPRegen  0.23/turn              h - ring of see invisible
MPRegen  0.11/turn              (no ring)

@: tree-form
A: large
a: Depart the Abyss, Bend Space, Renounce Religion


You were on level 5 of the Dungeon.
You worshipped Lugonu.
Lugonu was pleased with you.
You were not hungry.
You were a tree.
You visited 1 branch of the dungeon, and saw 4 of its levels.
You visited the Abyss 1 time.

You collected 85 gold pieces.

Inventory:

Hand Weapons
 a - a +1 hand axe
 o - a +1 whip of electrocution (weapon)
Missiles
 k - 6 tomahawks (quivered)
Armour
 d - a +0 plate armour (melded)
Jewellery
 h - a ring of see invisible (left branch)
Scrolls
 i - a scroll of identify
 m - 2 scrolls of remove curse
Potions
 e - a potion of flight
 g - a potion of lignification
Comestibles
 c - 7 rations


   Skills:
 + Level 3.9 Fighting
 + Level 3.5(3.6) Axes
 + Level 0.6(2.3) Maces & Flails
 * Level 3.3 Armour
 + Level 1.0 Dodging
 * Level 3.7 Invocations


You had 5 spell levels left.
You didn't know any spells.

Dungeon Overview and Level Annotations

Branches:
Dungeon (3/15)

Altars:


Innate Abilities, Weirdness & Mutations

((You have hooves in place of feet.))
((Armour fits poorly on your strangely shaped body.))
((You cover ground very quickly.))
((You have extremely tough skin. (AC +3)))


Message History

The orc priest shouts!
You barely miss the ogre. The ogre hits you with a giant club!
An orc wizard comes into view. It is wielding a dagger.
The orc wizard shouts!
You hit the ogre but do no damage. The ogre barely misses you.
You hit the ogre but do no damage. Lightning courses through the ogre!
The ogre is heavily wounded.
The ogre hits you with a giant club!
* * * LOW HITPOINT WARNING * * *
You barely miss the ogre.
The ogre is heavily wounded.
The ogre hits you with a giant club!
* * * LOW HITPOINT WARNING * * *
You hit the ogre.
The ogre is heavily wounded.
You hit the ogre.
The ogre is severely wounded.
The orc priest invokes the aid of Beogh against you.
Beogh smites you!
You die...

##################
.......♣Oo.......#
#...#...#.o.#...#....#
........).........##.#
#...#...#)†.#...###
.........)......(#
#################...
... ... ##


You could see an ogre, an orc priest and an orc wizard.

Vanquished Creatures
  The ghost of Lokiki the Insei, an amateur MfTm (D:3)
  2 orc wizards (D:5)
  A worker ant (D:5)
  3 adders (D:2)
  A gnoll (D:1)
  4 oozes
  2 worms
  A dart slug (D:1)
  2 leopard geckos
  9 orcs
  6 giant cockroaches
  10 goblins
  5 hobgoblins
  2 jackals (D:2)
  4 quokkas
  A ball python (D:2)
  10 bats
  5 frilled lizards
  9 kobolds
  7 rats
85 creatures vanquished.

Notes
Turn   | Place    | Note
-------+----------+-------------------------------------------
     0 | Abyss:1  | Gargoyl the Centaur Abyssal Knight began the quest for the Orb.
     0 | Abyss:1  | Reached XP level 1. HP: 19/19 MP: 2/2
    49 | Abyss:1  | Noticed a small abomination
    67 | Abyss:1  | Noticed a starcursed mass
   112 | Abyss:1  | Noticed a large abomination
   138 | Abyss:1  | Noticed a chaos spawn
   153 | Abyss:1  | Noticed a large abomination
   208 | Abyss:2  | Noticed a large abomination
   215 | Abyss:2  | Noticed a wretched star
   236 | Abyss:2  | Noticed a wretched star
   239 | D:1      | Escaped the Abyss
   438 | D:1      | Reached XP level 2. HP: 26/26 MP: 3/3
   438 | D:1      | Reached * piety under Lugonu
   668 | D:1      | Reached XP level 3. HP: 8/31 MP: 5/5
  1743 | D:2      | Reached XP level 4. HP: 31/38 MP: 6/6
  2067 | D:2      | Reached ** piety under Lugonu
  3025 | D:3      | Noticed Lokiki's ghost (amateur MfTm)
  3027 | D:3      | Reached XP level 5. HP: 40/45 MP: 7/7
  3085 | D:3      | Killed Lokiki's ghost
  3085 | D:3      | Reached skill level 1 in Dodging
  3085 | D:3      | Reached XP level 6. HP: 50/52 MP: 8/8
  3357 | D:3      | You fall through a shaft for 2 floors!
  3357 | D:5      | Entered Level 5 of the Dungeon
  3417 | D:5      | Killed from afar by an orc priest

Skill      XL: |  1  2  3  4  5 |
---------------+----------------+-----
Axes           | 2 3 |  3.5
Armour         | 2 3 |  3.3
Invocations    | 3 |  3.7
Dodging        | 1 |  1.0
Fighting       | |  3.9
Maces & Flails | |  0.6

Action                   |  1- 3 |  4- 6 || total
-------------------------+-------+-------++-------
Melee: Hand axe          |    96 |   104 ||   200
       Kick              |    12 |    24 ||    36
       Whip              |       |    64 ||    64
Invok: Depart the Abyss  |     1 |       ||     1
  Use: Scroll            |     4 |     2 ||     6
       Potion            |       |     6 ||     6
  Eat: Chunk             |     1 |     2 ||     3
       Ration            |     1 |       ||     1
Armor: Plate armour      |   114 |   154 ||   268
       Skin              |       |    11 ||    11
Dodge: Dodged            |     3 |    21 ||    24
